 Dungeon Crawl Stone Soup version 0.25-a0-785-gb22c70e859 (webtiles) character file.

Game seed: 14846326601520606582, levelgen mode: deterministic

3532 kae the Grappler (level 9, -1/64 HPs)
             Began as a Red Draconian Transmuter on Apr 17, 2020.
             Was an Initiate of Ru.
             Slain by a wolf (7 damage)
             ... led by Grum
             ... on level 11 of the Dungeon.
             The game lasted 00:15:54 (10110 turns).

kae the Grappler (Red Draconian Transmuter)        Turns: 10110, Time: 00:15:55

Health: -1/64      AC:  2    Str: 17    XL:     9   Next: 82%
Magic:  18/19      EV: 22    Int: 14    God:    Ru [......]
Gold:   370        SH:  0    Dex: 17    Spells: 11/21 levels left

rFire    . . .     SeeInvis .     - Unarmed
rCold    . . .     Gourm    .   (shield currently unavailable)
rNeg     . . .     Faith    .   (armour unavailable)
rPois    x         Spirit   .   (helmet currently unavailable)
rElec    .         Reflect  .   (cloak currently unavailable)
rCorr    .         Harm     .   (gloves currently unavailable)
MR       .....                  (boots currently unavailable)
Stlth    ++........             (no amulet)
HPRegen  0.20/turn              b - ring of wizardry
MPRegen  0.16/turn              x - +3 ring of evasion

@: spider-form
A: tiny, (breathe fire), unfitting armour, strong 1, AC +7
a: End Transformation, Renounce Religion


You were on level 11 of the Dungeon.
You worshipped Ru.
Ru was noncommittal.
You were near starving.
You were a venomous arachnid creature.
You visited 2 branches of the dungeon, and saw 10 of its levels.
You also visited: Ossuary.

You collected 370 gold pieces.

Inventory:

Hand Weapons
 d - a +0 whip
 k - a +0 whip of flaming (melded)
 v - a +3 antimagic whip
Missiles
 a - 51 arrows
Armour
 e - a +1 hat (melded)
Jewellery
 b - a ring of wizardry (left front leg)
 j - an uncursed ring of fire
 s - an uncursed ring of resist corrosion
 t - an uncursed amulet of faith
 x - a +3 ring of evasion (right front leg)
Wands
 h - a wand of flame (9)
Scrolls
 i - 7 scrolls of remove curse
 m - 3 scrolls of teleportation
 w - a scroll of blinking
 y - a scroll of identify
 z - 2 scrolls of amnesia
 A - a scroll of magic mapping
 B - a scroll of enchant weapon
Potions
 f - 6 potions of curing
 g - 6 potions of mutation
 l - 2 potions of flight
 n - a potion of cancellation
 o - a potion of might
 p - 3 potions of stabbing
 q - 3 potions of heal wounds
 r - 2 potions of haste
 u - a potion of magic
 C - a potion of brilliance {unknown}
Comestibles
 c - 8 rations


   Skills:
 - Level 1.1 Fighting
 - Level 1.7 Dodging
 * Level 10.4 Unarmed Combat
 + Level 6.7 Spellcasting
 + Level 7.3 Transmutations


You had 11 spell levels left.
You knew the following spells:

 Your Spells              Type           Power        Failure   Level  Hunger
a - Beastly Appendage     Tmut           ####..       1%          1    None
b - Sticks to Snakes      Tmut           ####....     2%          2    #......
c - Spider Form           Tmut/Pois      ###.......   10%         3    ##.....
d - Ice Form              Ice/Tmut       ###.....     26%         4    ####...

Your spell library contained the following spells:

 Spells                   Type           Power        Failure   Level  Hunger
 Blade Hands              Tmut           ####......   17%         5    ######.


Dungeon Overview and Level Annotations

Branches:
Dungeon (8/15)             Temple (1/1) D:7         Ossuary (visited)
   Lair: D:8-11

Altars:
Ashenzari
Cheibriados
Dithmenos
Elyvilon
Fedhas
Gozag
Hepliaklqana
Kikubaaqudgha
Makhleb
Nemelex Xobeh
Okawaru
Qazlal
Ru
Sif Muna
Trog
Uskayaw
Vehumet
Wu Jian
Xom
Yredelemnul
Zin
The Shining One

Annotations:
D:5 Sigmund


Innate Abilities, Weirdness & Mutations

((You can breathe blasts of fire.))
((Your fiery red scales are hard. (AC +7)))
You cannot fit into any form of body armour.
((Your flesh is heat resistant. (rF+)))
((You are cold-blooded and may be slowed by cold attacks.))
((Your tail ends in a poisonous barb.))
Your muscles are strong. (Str +2)


Message History

The wolf misses you. The wolf bites you!
You closely miss the wolf. The wolf bites you. The wolf misses you.
The wolf closely misses you.
You barely miss the wolf.
The wolf is almost dead.
The wolf bites you!
* * * LOW HITPOINT WARNING * * *
The wolf bites you!
* * * LOW HITPOINT WARNING * * *
You hit the wolf but do no damage.
The wolf looks even sicker.
The wolf is almost dead.
The wolf closely misses you. The wolf completely misses you. x2
You hit the wolf but do no damage.
The wolf looks as sick as possible!
The wolf is almost dead.
The wolf misses you. x2; The wolf completely misses you.
You hit the wolf.
You kill the wolf!
The wolf bites you!
You die...

#.....# #.....#
#.....#
#...<.##########
#..............#
#..............#
#..............#
#..............# .
#............s.#####..
###########..h###...
#####...###.#
#...........#
#.......(...#####.#
#...........#([$#..
#..(........#!)(#..
#...........##+##...
#######+##..........


You could see a wolf.

Vanquished Creatures
  Pikel (D:4)
  A guardian serpent (D:11)
  4 slaves (D:3)
  3 sky beasts (D:7)
  2 orc warriors
  2 phantoms (D:7)
  A wolf (D:11)
  2 ogres
  Blork the orc (D:3)
  2 bullfrogs
  3 water moccasin zombies (Ossuary)
  A water moccasin skeleton (D:8)
  2 scorpions
  4 wights (D:6)
  2 crimson imps
  A bullfrog zombie (D:5)
  A quasit (D:6)
  3 hounds
  3 orc priests
  2 jellies
  A bullfrog skeleton (D:5)
  4 orc wizards
  5 iguanas
  Natasha (twice) (D:2)
  2 worker ants (D:6)
  3 big kobold zombies (Ossuary)
  2 mummies (Ossuary)
  7 gnolls
  A howler monkey skeleton (D:7)
  10 adders
  7 adder zombies (Ossuary)
  An adder skeleton (D:7)
  3 worms
  3 dart slugs
  5 leopard geckos
  27 orcs
  5 giant cockroaches
  14 goblins
  10 hobgoblins
  3 jackals
  3 quokkas
  2 ball pythons
  9 bats
  7 frilled lizards
  A giant cockroach zombie (D:5)
  5 hobgoblin zombies (Ossuary)
  10 kobolds
  5 kobold zombies (Ossuary)
  4 orc zombies (Ossuary)
  7 rats
209 creatures vanquished.

Vanquished Creatures (collateral kills)
  Natasha (D:2)
1 creature vanquished.

Grand Total: 210 creatures vanquished

Notes
Turn   | Place    | Note
-------+----------+-------------------------------------------
     0 | D:1      | kae the Draconian Transmuter began the quest for the Orb.
     0 | D:1      | Reached XP level 1. HP: 16/16 MP: 3/3
    61 | D:1      | Reached XP level 2. HP: 15/23 MP: 5/5
   529 | D:1      | Learned a level 2 spell: Sticks to Snakes
   634 | D:1      | Reached XP level 3. HP: 23/28 MP: 4/6
  1282 | D:2      | Reached skill level 4 in Unarmed Combat
  1397 | D:2      | Reached XP level 4. HP: 32/35 MP: 5/7
  1421 | D:2      | Noticed Natasha
  1430 | D:2      | Gained mutation: Your muscles are strong. (Str +2) [potion
                  | of mutation]
  1430 | D:2      | Gained mutation: You tend to lose your temper in combat.
                  | [potion of mutation]
  1430 | D:2      | Lost mutation: You tend to lose your temper in combat.
                  | [potion of mutation]
  1430 | D:2      | Gained mutation: Your tail ends in a poisonous barb.
                  | [potion of mutation]
  1435 | D:2      | Killed Natasha
  1562 | D:2      | Learned a level 3 spell: Spider Form
  1621 | D:2      | Found a bloodstained altar of Trog.
  1635 | D:2      | Found a basalt altar of Yredelemnul.
  1927 | D:2      | Reached XP level 5. HP: 32/40 MP: 9/9
  2241 | D:2      | Noticed Natasha
  2251 | D:2      | Killed Natasha
  2282 | D:2      | Found a stormy altar of Qazlal.
  2345 | D:2      | Reached skill level 5 in Unarmed Combat
  2445 | D:2      | Noticed Natasha
  2463 | D:2      | Killed Natasha
  3010 | D:3      | Found a glowing golden altar of the Shining One.
  3417 | D:3      | Found a faded altar of an unknown god.
  3530 | D:3      | Noticed Blork the orc
  3541 | D:3      | Learned a level 4 spell: Ice Form
  3559 | D:3      | Killed Blork the orc
  3559 | D:3      | Reached XP level 6. HP: 37/47 MP: 6/11
  3559 | D:3      | Found a shimmering blue altar of Sif Muna.
  3711 | D:4      | Noticed Pikel
  3711 | D:4      | Noticed a slave
  3711 | D:4      | Noticed a slave
  3711 | D:4      | Noticed a slave
  3711 | D:4      | Noticed a slave
  3732 | D:3      | Killed a slave
  3737 | D:3      | HP: 1/47 [slave[Pikel] (6)]
  3738 | D:3      | Killed a slave
  4283 | D:3      | Found a glowing golden altar of the Shining One.
  4300 | D:3      | Killed a slave
  4410 | D:3      | Killed a slave
  4457 | D:3      | Found a faded altar of an unknown god.
  4530 | D:3      | Found a shimmering blue altar of Sif Muna.
  4897 | D:4      | Killed Pikel
  4897 | D:4      | Reached skill level 6 in Unarmed Combat
  4897 | D:4      | Your scales start taking on a fiery red colour.
  4897 | D:4      | Reached XP level 7. HP: 24/52 MP: 9/13
  4897 | D:4      | Gained mutation: Your flesh is heat resistant. (rF+) [Red
                  | Draconian growth]
  5117 | D:4      | You fall into a shaft and drop 3 floors!
  5182 | D:7      | Reached skill level 7 in Unarmed Combat
  5251 | D:7      | Reached skill level 5 in Transmutations
  5251 | D:7      | Reached XP level 8. HP: 15/59 MP: 14/14
  5385 | D:7      | Found a staircase to the Ecumenical Temple.
  5390 | Temple   | Entered the Ecumenical Temple
  5535 | D:7      | Found a sand-covered staircase.
  5540 | Ossuary  | Entered an ossuary
  5724 | Ossuary  | Reached skill level 5 in Spellcasting
  5880 | Ossuary  | Reached skill level 8 in Unarmed Combat
  6675 | D:7      | Reached XP level 9. HP: 64/64 MP: 14/17
  6840 | D:6      | Reached skill level 9 in Unarmed Combat
  7723 | D:6      | Found a bloodstained altar of Trog.
  8289 | D:7      | Found a burning altar of Makhleb.
  8289 | D:7      | Noticed a balrug
  8401 | D:5      | Entered Level 5 of the Dungeon
  9030 | D:5      | Noticed Sigmund
  9570 | D:4      | Found a sacrificial altar of Ru.
  9668 | D:4      | Became a worshipper of Ru the Awakened
  9733 | D:4      | Found an ancient bone altar of Kikubaaqudgha.
  9734 | D:4      | Found a shimmering blue altar of Sif Muna.
  9734 | D:4      | Found a blossoming altar of Fedhas.
  9734 | D:4      | Found an ornate altar of the Wu Jian Council.
  9740 | D:4      | Found an iron altar of Okawaru.
  9740 | D:4      | Found a shattered altar of Ashenzari.
 10021 | D:8      | Reached skill level 10 in Unarmed Combat
 10060 | D:8      | You fall into a shaft and drop 3 floors!
 10083 | D:11     | Noticed a guardian serpent
 10091 | D:11     | Killed a guardian serpent
 10110 | D:11     | Slain by a wolf

Levels and vault maps discovered:
D:1:      scummos_arrival_gate, layout_loops_ring
D:2:      minmay_razor_zed, layout_basic, minitemple, marbit_many_paths,
          serial_curves, eino_curves_01, eino_curves_03,
          kennysheep_generic_room_3, uniq_natasha
D:3:      layout_loops_ring, nicolae_tso_carved_into_rock,
          chequers_ecumenical_altar_grove, first_ration, tgw_sif
D:4:      layout_basic, kennysheep_mini, minmay_overflow_temple_hex,
          st_stairs_4, uniq_pikel
D:5:      layout_basic, uniq_sigmund
D:6:      layout_basic, minivault_25, trog_butcher_becter
D:7:      layout_basic, makhleb_altar_promises_db, temple_doors_e,
          enter_ossuary_2
D:8:      layout_cave_pods
D:11:     layout_stronghold, minmay_lair_entry_grove,
          nrook_guardian_serpent_double, uniq_josephine, uniq_maurice,
          uniq_fannar, uniq_grum
Temple:   eino_wide_crystal_templ

Skill      XL: |  1  2  3  4  5  6  7  8  9 |
---------------+----------------------------+-----
Unarmed Combat | 4 5 6 7 8 10 | 10.4
Transmutations | 3 4 5 6 7 |  7.3
Spellcasting   | 3 4 5 6 |  6.7
Fighting       | |  1.1
Dodging        | |  1.7

Action                   |  1- 3 |  4- 6 |  7- 9 || total
-------------------------+-------+-------+-------++-------
Melee: Whip              |   128 |   117 |   254 ||   499
       Kick              |     9 |     4 |     1 ||    14
       Unarmed           |     2 |   101 |   161 ||   264
       Tailslap          |    14 |     5 |    41 ||    60
       Headbutt          |     4 |     3 |     1 ||     8
       Punch             |     1 |       |     8 ||     9
 Cast: Beastly Appendage |    23 |     9 |     3 ||    35
       Spider Form       |       |    21 |    26 ||    47
       Sticks to Snakes  |       |     1 |       ||     1
       Ice Form          |       |     1 |       ||     1
 Abil: Breathe Fire      |       |       |    15 ||    15
       End Transformatio |       |       |     1 ||     1
  Use: Scroll            |     3 |     5 |     9 ||    17
       Potion            |       |     6 |       ||     6
 Stab: Sleeping          |       |     1 |     1 ||     2
  Eat: Chunk             |     1 |    10 |    15 ||    26
       Ration            |       |     1 |     2 ||     3
Armor: Skin              |    36 |    56 |    99 ||   191
Dodge: Dodged            |   106 |   163 |   306 ||   575

Table legend:
 A = Non-vault XP
 B = Vault XP
 C = Vault XP percentage of total XP
 D = Non-vault monster count
 E = Vault monster count
 F = Vault count percentage of total count
                 A         B        C        D         E       F
            +---------+---------+-------+---------+---------+-------
      Total |    3025 |    2022 |  40.1 |     154 |      52 |  25.2
            +---------+---------+-------+---------+---------+-------
        D:1 |      51 |       0 |   0.0 |      29 |       0 |   0.0
        D:2 |     228 |      75 |  24.8 |      31 |      15 |  32.6
        D:3 |      20 |      99 |  83.2 |      11 |       1 |   8.3
        D:4 |     266 |     641 |  70.7 |      15 |       1 |   6.2
        D:5 |     422 |       0 |   0.0 |      14 |       0 |   0.0
        D:6 |     704 |     235 |  25.0 |      25 |       4 |  13.8
        D:7 |    1185 |       0 |   0.0 |      27 |       0 |   0.0
        D:8 |     149 |       0 |   0.0 |       2 |       0 |   0.0
       D:11 |       0 |     563 | 100.0 |       0 |       2 | 100.0
    Ossuary |       0 |     409 | 100.0 |       0 |      29 | 100.0
            +---------+---------+-------+---------+---------+-------
